AoeStats
← Axolot

Hill Fort

506573045Analyzed
4v4 RM · 17d ago on Sep 14, 2026· 46m 33s· 8 players
Game mode
Random Map
Map size
Large (8 player)
Population
200
Speed
Normal
Resources
Standard
Victory
Conquest
Starting age
Dark Age
Ending age
Imperial Age
RankedLock teamsTeams togetherTeam positionsShared explorationLock speedFull tech treeHidden civsTurbo modeCheats
Victory
Defeat
🇨🇴 Georgians · Colombia
1478
+18
🇺🇸 Maya · United States
1470
+18
🇻🇳 Spanish · Vietnam
1452
+19
🇮🇳 Khmer · India
1442
+19
🇦🇷 Italians · Argentina
1573
-22
🇦🇷 Goths · Argentina
1540
-19
🇦🇷 Malay · Argentina
1500
-18
🇦🇷 Teutons · Argentina
1424
-15
Morningstar
0:29 Loom
9:13 Feudal Age
9:39 Double-Bit Axe
9:34 Horse Collar
17:44 Castle Age
15:57 Gold Mining
17:35 Wheelbarrow
18:38 Heavy Plow
18:52 Bow Saw
19:32 Stone Mining
20:53 Stone Shaft Mining
20:54 Hand Cart
25:47 Fletching
25:57 Padded Archer Armor
26:24 Ballistics
27:28 Bodkin Arrow
28:04 Murder Holes
28:20 Masonry
28:03 Treadmill Crane
28:44 Leather Archer Armor
28:35 Town Watch
34:15 Imperial Age
34:16 Elite Plumed Archer
35:01 Bracer
35:32 Ring Archer Armor
36:25 Chemistry
37:45 Crop Rotation
38:20 Architecture
38:26 Hoardings
38:12 Conscription
39:35 Two-Man Saw
40:39 Squires
40:00 Man-at-Arms
40:41 Scale Mail Armor
40:51 Forging
41:34 Caravan
41:47 Guilds
41:16 Long Swordsman
41:41 Arson
42:13 Chain Mail Armor
42:21 Two-Handed Swordsman
44:46 Plate Mail Armor
44:52 Iron Casting
Giacomo
10:43 Feudal Age
15:20 Castle Age
13:48 Double-Bit Axe
13:58 Horse Collar
15:21 Fletching
16:15 Loom
17:50 Wheelbarrow
19:25 Bodkin Arrow
30:08 Ballistics
37:07 Imperial Age
34:37 Guard Tower
35:27 Murder Holes
35:43 Masonry
36:18 Svan Towers
36:22 Treadmill Crane
37:06 Scale Barding Armor
37:31 Hand Cart
37:01 Town Watch
37:32 Husbandry
37:42 Bloodlines
37:49 Bracer
38:52 Bow Saw
38:43 Heavy Plow
38:34 Gold Mining
38:37 Stone Mining
38:38 Gold Mining
40:19 Chemistry
39:54 Keep
40:16 Coinage
40:14 Conscription
40:04 Town Patrol
40:18 Padded Archer Armor
40:01 Light Cavalry
42:04 Parthian Tactics
41:04 Heavy Cavalry Archer
42:51 Leather Archer Armor
43:06 Chain Barding Armor
44:37 Forging
45:04 Plate Barding Armor
44:40 Forging
45:48 Leather Archer Armor
45:13 Hussar
arsenalchelsea2
5:14 Loom
10:36 Feudal Age
12:04 Loom
15:02 Castle Age
13:01 Horse Collar
13:33 Double-Bit Axe
14:04 Gold Mining
16:12 Bow Saw
21:19 Fishing Lines
23:31 Stone Mining
24:39 Gillnets
26:32 Bloodlines
27:46 Scale Barding Armor
32:29 Forging
36:19 Imperial Age
35:03 Wheelbarrow
34:13 Town Watch
35:46 Chain Barding Armor
37:02 Iron Casting
37:32 Husbandry
37:47 Elite Battle Elephant
39:08 Plate Barding Armor
39:12 Hand Cart
40:41 Blast Furnace
41:34 Tusk Swords
41:59 Conscription
41:48 Light Cavalry
42:36 Hussar
45:58 Caravan
dustbin
9:17 Loom
11:03 Feudal Age
17:16 Castle Age
15:37 Double-Bit Axe
18:17 Wheelbarrow
18:37 Bow Saw
25:50 Husbandry
26:36 Padded Archer Armor
31:10 Bloodlines
36:03 Horse Collar
37:48 Leather Archer Armor
40:29 Gold Mining
40:29 Stone Mining
Dino_Mate
6:43 Loom
9:42 Feudal Age
10:12 Double-Bit Axe
12:46 Fishing Lines
23:37 Gold Mining
31:18 Castle Age
32:33 Coinage
32:19 Bow Saw
32:20 Gillnets
34:52 Wheelbarrow
34:03 Town Watch
37:56 Town Patrol
38:42 Hand Cart
44:47 Stone Mining
45:55 Caravan
[VA] PabloB
11:18 Feudal Age
16:06 Castle Age
14:31 Double-Bit Axe
15:07 Horse Collar
16:29 Loom
17:19 Bow Saw
22:04 Fletching
24:29 Bloodlines
25:17 Loom
26:02 Scale Barding Armor
26:37 Heavy Plow
28:40 Wheelbarrow
30:14 Chain Barding Armor
31:19 Forging
31:39 Hand Cart
32:08 Gold Mining
35:32 Imperial Age
35:38 Imperial Age
33:22 Stone Mining
34:14 Iron Casting
34:24 Masonry
34:46 Ballistics
35:27 Bodkin Arrow
35:44 Cavalier
37:00 Plate Barding Armor
38:03 Blast Furnace
38:25 Capped Ram
40:13 Chemistry
39:40 Pikeman
40:47 Scale Mail Armor
40:38 Town Watch
41:14 Halberdier
44:31 Chain Mail Armor
[VA] Tano_Pacman
10:53 Feudal Age
14:37 Castle Age
13:31 Double-Bit Axe
22:27 Imperial Age
21:03 Scale Mail Armor
21:40 Squires
22:37 Bow Saw
23:36 Chain Mail Armor
23:50 Conscription
24:13 Forging
27:00 Anarchy
27:52 Loom
30:52 Iron Casting
34:36 Blast Furnace
34:40 Elite Huskarl
39:32 Pikeman
40:03 Halberdier
42:06 Wheelbarrow
44:40 Perfusion
Axolot
9:00 Feudal Age
10:00 Double-Bit Axe
12:29 Loom
17:10 Fishing Lines
27:02 Castle Age
25:45 Fletching
27:56 Scale Barding Armor
28:02 Forging
28:15 Bow Saw
28:01 Gillnets
28:59 Gold Mining
30:38 Iron Casting
31:38 Husbandry
32:26 Gold Shaft Mining
37:16 Stone Mining
39:42 Caravan
42:24 Imperial Age
42:36 Elite Battle Elephant
Connection lost

Rejoining the realm…

Still unreachable

The connection could not be restored.

Session expired

The server has moved on; the page needs a fresh start.